 Dungeon Crawl Stone Soup version 0.30-b1-2-g02819fbbbe (webtiles) character file.

Game seed: 784117656385562968

33 Alarkh the Sneak (level 3, 0/29 HPs)
             Began as a Demonspawn Delver on May 22, 2023.
             Slain by Pargi (4 damage)
             ... in a sewer.
             The game lasted 00:02:38 (513 turns).

Alarkh the Sneak (Demonspawn Delver)                 Turns: 513, Time: 00:02:39

Health: 0/29       AC:  5    Str: 12    XL:     3   Next: 12%
Magic:  3/3        EV: 10    Int: 13    God:
Gold:   13         SH:  0    Dex: 14    Spells: 2/2 levels left

rFire   + .          .
                       - Unarmed
rCold   + . .        (no shield)
rNeg    . . .        c - +0 ring mail
rPois   +            (no helmet)
rElec   +            (no cloak)
rCorr   +            (no gloves)
SInv    .            (no boots)
Will    .....        (no amulet)
Stlth   ++           (no ring)
HPRegen 0.24/turn    (no ring)
MPRegen 0.08/turn

%: no passive effects
@: resistant
A: weakness stinger 2
a: no special abilities


You were in a sewer.
You visited 1 branch of the dungeon, and saw 2 of its levels.
You also visited: Sewer.

You collected 13 gold pieces.

Inventory:

Armour
 c - a +0 ring mail (worn)
Jewellery
 g - a ring of fire
Wands
 f - a wand of digging (3)
Scrolls
 b - 2 scrolls of fog
 d - 3 scrolls of fear
Potions
 e - 2 potions of haste
 i - a potion of resistance


   Skills:
 - Level 3.0 Fighting
 - Level 1.7 Dodging
 - Level 4.5 Stealth
 + Level 3.3 Unarmed Combat


You had 2 spell levels left.
You didn't know any spells.
Your spell library was empty.

Dungeon Overview and Level Annotations

Branches:
Dungeon (5/15)              Sewer (1/1)
 Temple: D:4-7

Altars:

Shops:
D:5 *

Annotations:
Sewer Pargi


Innate Abilities, Weirdness & Mutations

You have a tail ending in a sharp stinger.


Message History

Pargi is lightly wounded.
Pargi misses you. Pargi barely misses you. Pargi claws you.
You hit Pargi.
Pargi is lightly wounded.
Pargi clenches his claws.
Pargi closely misses you. Pargi misses you. Pargi claws you but does no damage.
You catch the helpless Pargi completely off-guard!
You hit Pargi.
Pargi is lightly wounded.
You flicker for a moment.
Pargi shouts!
You catch the helpless Pargi completely off-guard!
You hit Pargi.
Pargi is lightly wounded.
Pargi bites you. Pargi claws you. x2
* * * LOW HITPOINT WARNING * * *
You hit Pargi but do no damage. Your punch misses Pargi.
Pargi is lightly wounded.
Pargi closely misses you. Pargi claws you.
* * * LOW HITPOINT WARNING * * *
Pargi closely misses you.
You hit Pargi but do no damage.
Pargi is lightly wounded.
Pargi clenches his claws.
Pargi closely misses you. Pargi barely misses you. Pargi claws you.
* * * LOW HITPOINT WARNING * * *
You hit Pargi.
Pargi is moderately wounded.
You hit Pargi. Your punch misses Pargi.
Pargi is moderately wounded.
You barely miss Pargi.
Pargi is moderately wounded.
You flicker back into view.
Pargi misses you. Pargi claws you but does no damage. Pargi claws you.
* * * LOW HITPOINT WARNING * * *
You hit Pargi.
Pargi is moderately wounded.
Pargi snarls, "Go!
Away!"
Pargi bites you.
You die...

#≈≈≈≈≈≈≈≈≈≈†.## #
#≈≈≈≈≈≈≈≈.~###
#≈≈≈≈≈≈~#.# ##≈≈≈≈≈..###
#≈≈≈≈≈≈~## #####
#≈≈≈≈≈≈..# #...#
#≈≈≈≈≈≈.## #.∩.#
#≈≈≈≈≈≈≈T## #...#
#≈≈≈≈≈≈≈≈@# ##.## #
#≈≈≈≈≈≈≈≈~## #~# #
#≈≈≈≈≈≈≈≈≈.## #.# #
##≈≈≈≈≈≈≈≈≈~## #~# ##
#≈≈≈≈≈≈≈≈≈~.# #~# ##.
≈≈≈≈≈≈≈≈≈≈.###
###.####.~
≈≈≈≈≈≈≈≈≈≈~~###.#.#..#~≈
#≈≈≈≈≈≈≈≈≈≈≈.##~~≈~~~~≈≈
###≈≈≈≈≈≈≈≈≈≈..≈≈≈≈≈≈≈≈≈


You could see Pargi.

Vanquished Creatures
  A gnoll (D:4)
  An adder (Sewer)
  An orc (D:5)
  4 ball pythons (Sewer)
  A giant cockroach (D:4)
  A kobold (D:4)
  A quokka (D:4)
  3 frilled lizards (Sewer)
  A rat (D:4)
14 creatures vanquished.

Notes
Turn   | Place    | Note
-------+----------+-------------------------------------------
     0 | D:5      | Alarkh the Demonspawn Delver began the quest for the Orb.
     0 | D:5      | Reached XP level 1. HP: 18/18 MP: 1/1
    14 | D:5      | Found Zin's Purification Station.
   172 | D:4      | Gained mutation: You have a small tail. [demonic ancestry]
   172 | D:4      | Reached XP level 2. HP: 13/24 MP: 2/2
   234 | D:4      | Found a glowing drain.
   238 | Sewer    | Entered a sewer
   284 | Sewer    | Noticed Pargi
   318 | Sewer    | Gained mutation: You have a tail ending in a sharp stinger.
                  | [demonic ancestry]
   318 | Sewer    | Reached XP level 3. HP: 17/29 MP: 3/3
   513 | Sewer    | Slain by Pargi

Illustrated notes

Levels and vault maps discovered:
D:4:      layout_cave_pools, gup_sewer_entry_bowl,
          amcnicky_altar_lugonu_corruption
D:5:      layout_basic, zin_purify, serial_shops, nicolae_shop_waterfront,
          minmay_puff
Sewer:    sewer_co_pargi_island

Skill      XL: |  1  2 |
---------------+-------+-----
Unarmed Combat | 2 3 |  3.3
Fighting       | |  3.0
Dodging        | |  1.7
Stealth        | |  4.5

Action                     || total
---------------------------++-------
  Melee: Unarmed           ||    58
         Quarterstaff      ||     8
         Punch             ||     2
         Tailslap          ||     6
    Use: Potion            ||     3
         Scroll            ||     2
   Stab: Sleeping          ||     1
         Invisible         ||     4
 Armour: Leather armour    ||     3
         Ring mail         ||    14
  Dodge: Dodged            ||    38
